 Dungeon Crawl Stone Soup version 0.27.1-3-gb3d3a73c9e (webtiles) character file.

Game seed: 12936089092694303205

5238 earthworldpsion the Cleaver (level 10, -1/91 HPs)
             Began as a Minotaur Berserker on Oct 21, 2021.
             Was a High Priest of Trog.
             Slain by an orc warrior (7 damage)
             ... on level 9 of the Dungeon.
             The game lasted 00:19:19 (8490 turns).

earthworldpsion the Cleaver (Minotaur Berserker)    Turns: 8490, Time: 00:19:20

Health: -1/91      AC: 14    Str: 25    XL:     10   Next: 35%
Magic:  9/9        EV:  9    Int:  4    God:    Trog [*****.]
Gold:   447        SH:  5    Dex: 10    Spells: 9/9 levels left

rFire    . . .     SeeInvis .   g - +2 flail (holy)
rCold    . . .     Faith    .   (no shield)
rNeg     . . .     Spirit   .   v - +0 plate armour
rPois    +         Reflect  +   (helmet restricted)
rElec    .         Harm     .   (no cloak)
rCorr    +         Rampage  .   (no gloves)
Will     ++...                  (no boots)
Stlth    ..........             d - amulet of reflection
HPRegen  1.25/turn              z - ring of poison resistance
MPRegen  0.11/turn              h - ring of resist corrosion

@: strong-willed, on berserk cooldown, regenerating, slowed, very slow
A: horns 2, retaliatory headbutt
a: Renounce Religion, Berserk, Trog's Hand, Brothers in Arms


You were on level 9 of the Dungeon.
You worshipped Trog.
Trog was extremely pleased with you.
You visited 1 branch of the dungeon, and saw 9 of its levels.

You collected 447 gold pieces.

Inventory:

Hand Weapons
 a - a +0 hand axe
 g - a +2 flail of holy wrath (weapon)
Armour
 v - a +0 plate armour (worn)
 D - a +2 ring mail of cold resistance
Jewellery
 d - an amulet of reflection (around neck)
 f - a ring of ice
 h - a ring of resist corrosion (right hand)
 z - a ring of poison resistance (left hand)
 F - a ring of positive energy
Wands
 j - a wand of flame (19) (quivered)
 k - a wand of iceblast (10)
 A - a wand of paralysis (11)
Scrolls
 b - a scroll of enchant weapon {unknown}
 l - a scroll of vulnerability
 m - a scroll of brand weapon {unknown}
 n - a scroll of amnesia
 o - a scroll of acquirement {unknown}
 p - a scroll of summoning
 s - 2 scrolls of fog
 t - 3 scrolls of teleportation
 w - a scroll of holy word
 y - a scroll of immolation {unknown}
 C - a scroll of identify
 G - a scroll of magic mapping {unknown}
Potions
 c - a potion of berserk rage {unknown}
 e - a potion of resistance {unknown}
 i - a potion of might
 q - a potion of cancellation {unknown}
 r - a potion of degeneration
 u - a potion of invisibility {unknown}
 x - a potion of lignification {unknown}
 B - a potion of curing {unknown}
 E - a potion of attraction {unknown}


   Skills:
 + Level 9.5 Fighting
 + Level 9.6(10.1) Axes
 + Level 5.1(8.0) Maces & Flails
 + Level 9.2 Armour
 + Level 8.4 Dodging


You had 9 spell levels left.
You didn't know any spells.
Your spell library was empty.

Dungeon Overview and Level Annotations

Branches:
Dungeon (9/15)             Temple (0/1) D:4
   Lair: D:8-11         Orc: D:9-12

Altars:
Dithmenos
The Shining One

Shops:
D:7 !


Innate Abilities, Weirdness & Mutations

You have a pair of horns on your head.
You reflexively headbutt those who attack you in melee.


Message History

An orc comes into view. It is wielding a +0 club.
You hit the orc priest.
The orc priest is moderately wounded.
You feel a strong urge to attack something.
The orc shouts!
The orc priest hits you with a +3 hand axe.
* * * LOW HITPOINT WARNING * * *
The orc hits you but does no damage.
You barely miss the orc priest. Your headbutt misses the orc priest.
The orc priest is moderately wounded.
The orc priest miscasts a cantrip.
You closely miss the orc priest. You headbutt the orc priest!
You kill the orc priest!
Trog accepts your kill.
Trog will now gift you melee weapons as you gain piety.
The orc hits you but does no damage.
The orc warrior hits you but does no damage.
You sock the orc!
You kill the orc!
Trog accepts your kill. You block the orc warrior's attack.
You are too berserk!
You see here a +3 hand axe.
You sock the orc!
You kill the orc!
Trog accepts your kill.
The orc warrior hits you from afar with a +0 glaive!
* * * LOW HITPOINT WARNING * * *
An orc comes into view. It is wielding a +0 flail.
The orc warrior barely misses you.
Items here: ! ( )) [ †.
You sock the orc warrior!
The orc warrior is almost dead.
You are no longer berserk.
You are exhausted.
You feel yourself slow down.
The orc warrior hits you from afar with a +0 glaive!
* * * LOW HITPOINT WARNING * * *
The orc warrior hits you from afar with a +0 glaive!
You die...

##############
#............###### ###
#............#.... ....
#####............#..# ...[.
....>.......####.#.)#[..... ..#
#####...# #@oo).....). ..# #<..#
###)........ ..# #...# #...o.!...
..# #...# #$........
..#######...# ################
............# #...............
............######...............
#########........................
........#........................


You could see an orc warrior and 2 orcs.

Vanquished Creatures
  A centaur zombie (D:6)
  3 hornets
  A wyvern (D:7)
  4 yaks (D:9)
  2 steam dragons
  4 water moccasins
  A sky beast (D:7)
  A black bear (D:5)
  An ogre (D:5)
  A necrophage (D:6)
  5 centaurs
  A kobold brigand (D:8)
  4 bullfrogs
  A gnoll sergeant (D:8)
  Blork the orc (D:5)
  A wyvern zombie (D:9)
  2 water moccasin zombies (D:6)
  A wyvern skeleton (D:5)
  10 killer bees
  9 wights
  3 jellies
  3 hounds
  3 orc priests (D:9)
  Ijyb (D:4)
  4 orc wizards
  A howler monkey zombie (D:9)
  Robin (D:2)
  3 gnolls (D:8)
  4 adders
  7 river rats (D:6)
  2 shadow imps
  2 ufetubi
  An adder skeleton (D:4)
  2 worms
  A dart slug (D:2)
  25 orcs
  5 bats
  5 endoplasms
  2 giant cockroaches (D:3)
  14 hobgoblins
  3 jackals (D:1)
  9 kobolds
  5 quokkas (D:6)
  9 ball pythons
  3 frilled lizards
  10 goblins
  18 rats
200 creatures vanquished.

Notes
Turn   | Place    | Note
-------+----------+-------------------------------------------
     0 | D:1      | earthworldpsion the Minotaur Berserker began the quest for
                  | the Orb.
     0 | D:1      | Reached XP level 1. HP: 19/19 MP: 0/0
   358 | D:1      | Reached XP level 2. HP: 26/27 MP: 1/1
   627 | D:1      | You fall into a shaft and drop 1 floor!
   792 | D:2      | Noticed Robin
   801 | D:2      | Reached ** piety under Trog
   802 | D:2      | Reached XP level 3. HP: 33/33 MP: 2/2
   810 | D:2      | Killed Robin
   858 | D:2      | Found a faded altar of an unknown god.
  1251 | D:2      | Found a shadowy altar of Dithmenos.
  1307 | D:3      | Reached XP level 4. HP: 37/41 MP: 3/3
  1935 | D:3      | Reached XP level 5. HP: 41/47 MP: 4/4
  2088 | D:4      | Noticed Ijyb
  2103 | D:4      | Killed Ijyb
  2276 | D:4      | Reached *** piety under Trog
  2573 | D:4      | Found a staircase to the Ecumenical Temple.
  2614 | D:5      | Entered Level 5 of the Dungeon
  2630 | D:5      | Noticed a water moccasin
  2727 | D:5      | Noticed a black bear
  2736 | D:5      | Killed a black bear
  2737 | D:5      | Reached skill level 5 in Fighting
  2737 | D:5      | Reached skill level 5 in Axes
  2737 | D:5      | Reached XP level 6. HP: 56/56 MP: 5/5
  2790 | D:5      | Killed a water moccasin
  2855 | D:5      | Noticed Blork the orc
  2863 | D:5      | Killed Blork the orc
  2898 | D:5      | Reached skill level 5 in Armour
  2898 | D:5      | Reached XP level 7. HP: 44/62 MP: 6/6
  3144 | D:5      | Reached skill level 5 in Dodging
  4229 | D:6      | Found a glowing golden altar of the Shining One.
  4414 | D:6      | Reached XP level 8. HP: 71/71 MP: 7/7
  4875 | D:7      | Found Jabis's Distillery.
  5307 | D:7      | Reached XP level 9. HP: 81/81 MP: 8/8
  5382 | D:7      | Reached skill level 1 in Maces & Flails
  5401 | D:7      | Reached **** piety under Trog
  5551 | D:7      | Paralysed by a hornet for 2 turns
  7661 | D:9      | Reached XP level 10. HP: 91/91 MP: 9/9
  8162 | D:9      | Reached skill level 5 in Maces & Flails
  8261 | D:9      | Reached ***** piety under Trog
  8490 | D:9      | Slain by an orc warrior

Illustrated notes

Levels and vault maps discovered:
D:1:      dpeg_arrival_shelter, layout_basic
D:2:      layout_rooms, basic_altar, shapermc_ecumenical_altar_totnotflames,
          uniq_robin
D:3:      layout_basic, minivault_26, minmay_misc_feat_ornament,
          minmay_shallow_snake_nest
D:4:      layout_rooms, temple_green, uniq_ijyb
D:5:      layout_rooms, minivault_19, uniq_blork_the_orc
D:6:      lemuel_ratsnest, layout_layer_cave, tso_oasis_becter
D:7:      layout_basic, serial_shops, shop, minivault_1
D:8:      layout_basic
D:9:      layout_irregular_city, erik_orc_1

Skill      XL: |  1  2  3  4  5  6  7  8  9 10 |
---------------+-------------------------------+-----
Fighting       | 4 5 6 8 9 |  9.5
Axes           | 4 5 6 8 9 |  9.6
Armour         | 3 4 5 6 7 8 9 |  9.2
Dodging        | 3 4 5 6 7 8 |  8.4
Maces & Flails | 4 5 |  5.1

Action                   |  1- 3 |  4- 6 |  7- 9 | 10-12 || total
-------------------------+-------+-------+-------+-------++-------
Melee: Hand axe          |    85 |   103 |   140 |       ||   328
       Headbutt          |    18 |    18 |    42 |    21 ||    99
       Flail             |       |       |   137 |    86 ||   223
Invok: Berserk           |     2 |     5 |     9 |     3 ||    19
       Trog's Hand       |       |       |     2 |     2 ||     4
Evoke: Wand              |     1 |    11 |       |     3 ||    15
  Use: Scroll            |       |     1 |     5 |       ||     6
Armor: Animal skin       |     3 |       |       |       ||     3
       Ring mail         |    13 |       |       |       ||    13
       Chain mail        |     2 |    44 |     5 |       ||    51
       Plate armour      |       |       |   180 |    58 ||   238
Dodge: Dodged            |    35 |    41 |   117 |    40 ||   233
Block: Other             |    15 |    29 |    79 |    18 ||   141
       Reflection        |     1 |     1 |     2 |     1 ||     5
